 Dungeon Crawl Stone Soup version 0.28.0-53-g5a82cb258f (webtiles) character file.

Game seed: 12467218154982678963

7 DocClef the Skirmisher (level 1, 0/15 (19) HPs)
             Began as a Draconian Fighter on June 14, 2022.
             Succumbed to an adder's poison
             ... on level 2 of the Dungeon.
             The game lasted 00:00:14 (175 turns).

DocClef the Skirmisher (Draconian Fighter)           Turns: 175, Time: 00:00:15

HP:   0/15 (19)     AC:  4    Str: 18    XL:     1   Next: 83%
MP:   1/1           EV:  9    Int:  8    God:
Gold: 14            SH:  4    Dex: 10    Spells: 0/0 levels left

rFire   . . .      SeeInvis .   e - +0 dagger (drain)
rCold   . . .      Faith    .   b - +0 buckler
rNeg    . . .      Spirit   .   (armour unavailable)
rPois   .          Reflect  .   (helmet restricted)
rElec   .          Harm     .   (no cloak)
rCorr   .          Rampage  .   (no gloves)
Will    .....                   (no boots)
Stlth   +.........              (no amulet)
HPRegen 0.05/turn               (no ring)
MPRegen 0.07/turn               (no ring)

@: lethally poisoned (0 -> -2), constricted, heavily drained
A: AC +4, unfitting armour, cold-blooded
a: no special abilities


You were on level 2 of the Dungeon.
You visited 1 branch of the dungeon, and saw 2 of its levels.

You collected 14 gold pieces.

Inventory:

Hand Weapons
 a - a +0 rapier
 e - a +0 dagger of draining (weapon)
Armour
 b - a +0 buckler (worn)
Scrolls
 d - a scroll of identify {unknown}
Potions
 c - a potion of might


   Skills:
 + Level 3.4 Fighting
 + Level 2.0 Short Blades
 + Level 2.8 Dodging
 + Level 3.1 Shields


You couldn't memorise any spells.
You didn't know any spells.
Your spell library was empty.

Dungeon Overview and Level Annotations

Branches:
Dungeon (1/15)

Altars:


Innate Abilities, Weirdness & Mutations

Your plain brown scales are hard. (AC +4)
You cannot fit into any form of body armour.
You are cold-blooded and may be slowed by cold attacks.


Message History

No target in view!
A sourceless malevolence fills the Dungeon...
You fall into a shaft and drop 1 floor!
The shaft crumbles and collapses.
A frilled lizard, a ball python and an adder come into view.
The frilled lizard hisses angrily.
The adder hisses angrily.
Found a ring mail.
You see here a +0 ring mail.
You block the frilled lizard's attack.
You closely miss the adder.
Your tail-slap misses the adder.
The adder barely misses you. The frilled lizard bites you.
You miss the adder. The adder closely misses you. The adder bites you.
You are poisoned.
The adder poisons you! The frilled lizard misses you.
You barely miss the adder.
Your tail-slap misses the adder.
You feel sick. The ball python barely misses you. The ball python grabs you.
The ball python constricts you. You block the adder's attack.
You block the frilled lizard's attack.
You barely miss the ball python.
You feel sick. The ball python barely misses you.
The ball python constricts you. The adder bites you.
You hit the ball python but do no damage.
You feel sick. The adder barely misses you.
The frilled lizard barely misses you. The ball python bites you.
The ball python constricts you.
You are too injured to fight recklessly!
Unknown command.
You hit the adder. You drain the adder.
The adder is heavily wounded.
You feel sick. The adder bites you.
* * * LOW HITPOINT WARNING * * *
The ball python bites you.
* * * LOW HITPOINT WARNING * * *
The ball python constricts you.
* * * LOW HITPOINT WARNING * * *
The frilled lizard bites you but does no damage.
The adder bites you but does no damage.
You closely miss the adder.
Your tail-slap misses the adder.
The adder is heavily wounded.
You die...

#..........
#..........
#..........
#..........
##........
#......###
#........#
#....[...#
#....@...#
#...SSl..#
####.........
#.........
##...#....
#...#....
..... ...
...... ..


You could see an adder (drained), a ball python and a frilled lizard.

Vanquished Creatures
  A dart slug (D:1)
  A goblin (D:1)
  A hobgoblin (D:1)
  2 kobolds (D:1)
5 creatures vanquished.

Notes
Turn   | Place    | Note
-------+----------+-------------------------------------------
     0 | D:1      | DocClef the Draconian Fighter began the quest for the Orb.
     0 | D:1      | Reached XP level 1. HP: 19/19 MP: 1/1
   166 | D:1      | You fall into a shaft and drop 1 floor!
   175 | D:2      | Succumbed to an adder's poison

Illustrated notes

Levels and vault maps discovered:
D:1:      lemuel_arrival_behind_the_door_small, layout_basic,
          ebering_ecumenical_altar_abandoned, minmay_hexomino_f4
D:2:      layout_basic, minivault_26, uniq_crazy_yiuf_cottage

Action                   || total
-------------------------++-------
Melee: Rapier            ||    20
       Dagger            ||     9
       Tailslap          ||     1
Armor: Skin              ||     6
Dodge: Dodged            ||    21
Block: Buckler           ||    10
